 Dungeon Crawl Stone Soup version 0.22-a0-362-g535178c (webtiles) character file.

365 Amnesiac the Grave Robber (level 6, 0/46 HPs)
             Began as a Mummy Necromancer on Apr 19, 2018.
             Slain by Pikel
             ... wielding a +1 whip of electrocution
              (5 damage)
             ... on level 3 of the Dungeon.
             The game lasted 00:05:46 (2695 turns).

Amnesiac the Grave Robber (Mummy Necromancer)       Turns: 2695, Time: 00:05:47

Health: 0/46       AC:  3    Str: 11    XL:     6   Next: 40%
Magic:  1/10       EV: 14    Int: 17    God:
Gold:   65         SH:  0    Dex: 12    Spells: 7/11 levels left

rFire    x . .     SeeInvis .   a - +2 hunting sling (freeze)
rCold    + . .     Gourm    .   (no shield)
rNeg     + + +     Faith    +   g - +0 robe
rPois    ∞         Spirit   .   (no helmet)
rElec    .         Reflect  .   e - +0 cloak
rCorr    .         Harm     .   (no gloves)
MR       .....                  (no boots)
Stlth    ++........             f - amulet of faith
HPRegen  0.15/turn              (no ring)
MPRegen  0.12/turn              (no ring)

@: no status effects
A: no food or potions, fire vulnerability, cold resistance 1, negative energy
resistance 3, torment resistance, unbreathing
a: no special abilities


You were on level 3 of the Dungeon.
You were not hungry.

You visited 1 branch of the dungeon, and saw 4 of its levels.

You collected 65 gold pieces.

Inventory:

Hand Weapons
 a - a +2 hunting sling of freezing (weapon)
 b - a +0 falchion
Missiles
 c - 80 stones (quivered)
Armour
 d - a scarf of cloud immunity
 e - a +0 cloak (worn)
 g - a +0 robe (worn)
Jewellery
 f - an amulet of faith (around neck)
Scrolls
 i - a scroll of fear {!r, unknown}
 j - a scroll of remove curse {!r, unknown}


   Skills:
 + Level 2.9 Fighting
 * Level 4.1 Dodging
 - Level 1.5 Stealth
 + Level 3.1 Spellcasting
 - Level 5.0 Necromancy


You had 7 spell levels left.
You knew the following spells:

 Your Spells              Type           Power        Failure   Level  Hunger
a - Pain                  Necr           ###.         2%          1    N/A
d - Vampiric Draining     Necr           ###.......   6%          3    N/A

Dungeon Overview and Level Annotations

Branches:
Dungeon (4/15)
 Temple: D:4-7

Altars:
Qazlal
Vehumet

Annotations:
D:3 Grinder; Pikel
D:4 Feta's ghost, novice GnTm


Innate Abilities, Weirdness & Mutations

You do not eat or drink.
Your flesh is vulnerable to fire.
You are immune to poison.
Your flesh is cold resistant. (rC+)
You are immune to negative energy. (rN+++)
You are immune to unholy pain and torment.
You can survive without breathing.


Message History

Feta's ghost is moderately damaged.
Feta's ghost hits you!
The slave shouts!
The slave hits you.
Feta's ghost whispers, "Trust me.
Just give in."
Press: ? - help, v - describe, . - travel
Here: Pikel, wielding a whip of electrocution and wearing a robe The floor.
There is a stone staircase leading up here.
Pikel hits you with a whip of electrocution.
You climb upwards.
Level annotation: Grinder
There is a stone staircase leading down here.
There is a stone staircase leading down here.
Things that are here:
an animal skin; a human skeleton Pikel says, "I knew I should've brought a map."
There is a stone staircase leading up here.
Casting: Vampiric Draining (safe; 6% risk of failure)
Confirm with . or Enter, or press ? or * to list all spells.
Aiming: Vampiric Draining (safe; 6% risk of failure)
Press: ? - help, Shift-Dir - straight line, f - Pikel
Aim: Pikel, wielding a whip of electrocution and wearing a robe Pikel is moderately wounded.
You feel life coursing into your body.
Pikel hits you with a whip of electrocution.
Casting: Vampiric Draining (safe; 6% risk of failure)
Confirm with . or Enter, or press ? or * to list all spells.
Aiming: Vampiric Draining (safe; 6% risk of failure)
Press: ? - help, Shift-Dir - straight line, f/p - Pikel
Aim: Pikel, wielding a whip of electrocution and wearing a robe (moderately wounded) Pikel is heavily wounded.
You feel life coursing into your body. Pikel closely misses you.
Casting: Vampiric Draining (safe; 6% risk of failure)
Confirm with . or Enter, or press ? or * to list all spells.
Aiming: Vampiric Draining (safe; 6% risk of failure)
Press: ? - help, Shift-Dir - straight line, f/p - Pikel
Aim: Pikel, wielding a whip of electrocution and wearing a robe (heavily wounded) Pikel is severely wounded.
You feel life coursing into your body.
Pikel hits you with a whip of electrocution.
Firing (i - inventory)
c - 83 stones (quivered)
Press: ? - help, Shift-Dir - straight line, f/p - Pikel
Aim: Pikel, wielding a whip of electrocution and wearing a robe (severely wounded)
You shoot a stone. The stone hits Pikel!
The stone freezes Pikel.
Pikel is almost dead.
Pikel closely misses you.
Firing (i - inventory)
c - 82 stones (quivered)
Press: ? - help, Shift-Dir - straight line, f/p - Pikel
Aim: Pikel, wielding a whip of electrocution and wearing a robe (almost dead)
You shoot a stone.
The stone hits Pikel but does no damage.
Pikel is almost dead.
Pikel hits you with a whip of electrocution.
Firing (i - inventory)
c - 81 stones (quivered)
Press: ? - help, Shift-Dir - straight line, f/p - Pikel
Aim: Pikel, wielding a whip of electrocution and wearing a robe (almost dead)
You shoot a stone. The stone barely misses Pikel.
Pikel hits you with a whip of electrocution!
* * * LOW HITPOINT WARNING * * *
You are electrocuted!
* * * LOW HITPOINT WARNING * * *
Pikel hits you with a whip of electrocution.
You die...

####### #(K@..#
#<###.#
#.###.#############
#.##<.............##
#.##..###.###.###...
#.##..# #.# #.# ####
#[##..# #.# #.#
#.##..###.# #.# ##
####>##......# #.#
#.


You could see Pikel.

Vanquished Creatures
  2 slaves
  An ogre (D:4)
  A bullfrog zombie (D:4)
  A centaur zombie (D:4)
  A hound (D:4)
  An orc priest (D:3)
  2 worker ants (D:4)
  A statue (D:4)
  A hound zombie (D:4)
  A hound skeleton (D:4)
  2 adders (D:4)
  An adder zombie (D:4)
  2 dart slugs
  A leopard gecko (D:4)
  7 orcs
  2 giant cockroaches
  A goblin (D:2)
  2 hobgoblins
  A ball python (D:3)
  4 frilled lizards
  2 kobolds (D:1)
  A leopard gecko zombie (D:4)
  A quokka zombie (D:4)
  A rat (D:1)
40 creatures vanquished.

Notes
Turn   | Place    | Note
-------+----------+-------------------------------------------
     0 | D:1      | Amnesiac the Mummy Necromancer began the quest for the Orb.
     0 | D:1      | Reached XP level 1. HP: 13/13 MP: 4/4
   375 | D:3      | Reached XP level 2. HP: 20/20 MP: 2/5
   552 | D:3      | Reached skill level 1 in Fighting
   552 | D:3      | Reached XP level 3. HP: 8/26 MP: 0/7
   557 | D:3      | Learned a level 3 spell: Vampiric Draining
   647 | D:3      | Noticed Grinder
  1221 | D:4      | Reached XP level 4. HP: 15/32 MP: 8/8
  1448 | D:4      | Reached XP level 5. HP: 38/38 MP: 9/9
  1454 | D:4      | Noticed a slave
  1599 | D:4      | Found a stormy altar of Qazlal.
  1870 | D:4      | Noticed a slave
  1889 | D:4      | Killed a slave
  2014 | D:4      | Noticed an ogre
  2019 | D:4      | Killed an ogre
  2019 | D:4      | Reached skill level 5 in Necromancy
  2019 | D:4      | Reached XP level 6. HP: 43/46 MP: 10/10
  2061 | D:4      | Noticed Feta's ghost (novice GnTm)
  2297 | D:4      | Noticed a slave
  2316 | D:3      | Killed a slave
  2575 | D:4      | Found a radiant altar of Vehumet.
  2643 | D:4      | Noticed Pikel
  2695 | D:3      | Slain by Pikel

Vault maps used:
D:1:      eino_arrival_water_star
D:2:      roderic_lattice_a
D:3:      serial_forest, infiniplex_forest_corner_1,
          infiniplex_forest_clump_medium, infiniplex_forest_clump_medium,
          infiniplex_forest_clump_small, infiniplex_forest_clump_cross,
          infiniplex_forest_clump_small, uniq_grinder
D:4:      bloody_trog, old_standard_altar, vehumet_statue,
          minmay_temple_entry_large_hall, serial_undead, serial_undead_b,
          serial_undead_b, serial_undead_a, serial_undead_d, serial_undead_d,
          serial_undead_d, serial_bayou_pond_c, uniq_pikel

Skill      XL: |  1  2  3  4  5  6 |
---------------+-------------------+-----
Dodging        | 2 3 4 |  4.1
Spellcasting   | 3 |  3.1
Fighting       | 1 2 |  2.9
Necromancy     | 5 |  5.0
Stealth        | |  1.5

Action                   |  1- 3 |  4- 6 || total
-------------------------+-------+-------++-------
 Fire: Hunting sling     |    20 |   130 ||   150
 Cast: Pain              |    31 |       ||    31
       Vampiric Draining |       |     7 ||     7
  Use: Scroll            |     2 |     2 ||     4
Armor: Robe              |     3 |     9 ||    12
Dodge: Dodged            |     8 |    52 ||    60

Table legend:
 A = Spawn XP
 B = Non-spawn XP
 C = Spawn XP percentage of total XP
 D = Spawn monster count
 E = Non-spawn monster count
 F = Spawn count percentage of total count
 G = Total turns spent on level
                    A         B        C        D         E        F      G
               +---------+---------+-------+---------+---------+-------+---------
         Total |       0 |     522 |   0.0 |       0 |      38 |   0.0 |  2695
               +---------+---------+-------+---------+---------+-------+---------
           D:1 |       0 |       7 |   0.0 |       0 |       6 |   0.0 |   170
           D:2 |       0 |       6 |   0.0 |       0 |       3 |   0.0 |   458
           D:3 |       0 |      58 |   0.0 |       0 |       8 |   0.0 |  1005
           D:4 |       0 |     451 |   0.0 |       0 |      21 |   0.0 |  1062
               +---------+---------+-------+---------+---------+-------+---------
